 Dungeon Crawl Stone Soup version 0.30-a0-737-gf23d94013f (webtiles) character file.

Game seed: 17267041340640043073

70 Ijustatesigmund the Magician (level 4, 0/24 HPs)
             Began as a Deep Elf Fire Elementalist on Feb 2, 2023.
             Slain by Crazy Yiuf
             ... wielding a +2 quarterstaff of chaos
              (6 damage)
             ... on level 2 of the Dungeon.
             The game lasted 00:03:24 (1929 turns).

Ijustatesigmund the Magician (DEFE)                 Turns: 1929, Time: 00:03:24

Health: 0/24       AC:  4    Str:  5    XL:     4   Next: 3%
Magic:  10/12      EV: 12    Int: 22    God:
Gold:   62         SH:  0    Dex: 15    Spells: 9/12 levels left

rFire   . . .      SeeInvis .    c - +1 dagger (protect)
rCold   . . .      Faith    .    (no shield)
rNeg    . . .      Spirit   .    a - +0 robe
rPois   .          Reflect  .    i - +0 helmet
rElec   .          Harm     .    (no cloak)
rCorr   .          Rampage  .    f - +0 pair of gloves
Will    .....                    (no boots)
Stlth   ++                       (no amulet)
HPRegen 0.24/turn                (no ring)
MPRegen 0.13/turn                (no ring)

@: no status effects
A: no striking features
a: no special abilities


You were on level 2 of the Dungeon.
You visited 1 branch of the dungeon, and saw 2 of its levels.

You collected 62 gold pieces.

Inventory:

Hand Weapons
 c - a +1 dagger of protection (weapon)
Missiles
 h - a throwing net
Armour
 a - a +0 robe (worn)
 f - a +0 pair of gloves (worn)
 i - a +0 helmet (worn)
Scrolls
 g - 2 scrolls of fear
Potions
 b - a potion of magic
 e - 2 potions of curing
 l - a potion of brilliance {unknown}


   Skills:
 - Level 2.4 Dodging
 - Level 2.4 Stealth
 + Level 4.7 Spellcasting
 - Level 1.1 Conjurations
 + Level 4.5 Fire Magic


You had 9 spell levels left.
You knew the following spells:

 Your Spells              Type           Power      Damage    Failure   Level
a - Foxfire               Conj/Fire      68%        2x1d7     3%          1
b - Scorch                Fire           48%        2d7       2%          2

Your spell library contained the following spells:

 Spells                   Type           Power      Damage    Failure   Level
 Inner Flame              Hex/Fire       15%        N/A       12%         3
 Kindle Blastsparks       Fire/Tloc/Air  22%        2d11      17%         3
 Vhi's Electric Charge    Tloc/Air       10%        N/A       30%         3
 Flame Wave               Conj/Fire      17%        2d7       32%         4
 Arcjolt                  Conj/Air       3%         1d13      93%         5
 Maxwell's Capacitive Co  Air            2%         ∞         100%        8


Dungeon Overview and Level Annotations

Branches:
Dungeon (2/15)

Altars:

Annotations:
D:2 Crazy Yiuf


Message History

It is a scroll of brand weapon.
Your +0 dagger of venom projects an invisible shield of force!
c - a +0 dagger of protection (weapon)
As you read the scroll labelled FAKEERATOH, it crumbles to dust.
Your body is wracked with pain!
It was a scroll of torment.
Okay, then.
You start resting.
HP restored.
As you read the scroll labelled ACEC EMUSIMYWK, it crumbles to dust.
It is a scroll of enchant weapon.
Your +0 dagger of protection glows red for a moment.
There is a faded altar of an unknown god here.
There is a stone staircase leading up here.
Partly explored, can't reach some places.
You hit the fungus.
The fungus begins to die.
The fungus is lightly damaged.
You hit the fungus.
The fungus is lightly damaged.
You hit the fungus.
The fungus is lightly damaged.
You hit the fungus.
The fungus is lightly damaged.
A nearby fungus withers and dies.
Found a hammer.
Found a runed translucent door.
Crazy Yiuf shouts!
Crazy Yiuf glowers.
You open the door.
Casting: Foxfire (safe; 3% risk of failure)
Confirm with . or Enter, or press ? or * to list all spells.
Flames lash Crazy Yiuf.
Crazy Yiuf is moderately wounded.
Crazy Yiuf's fire resistance burns away.
Crazy Yiuf drinks a potion.
Crazy Yiuf seems to speed up.
Crazy Yiuf cries, "You leg down broken song, no?"
Crazy Yiuf hits you with a +2 quarterstaff of chaos!
Ouch! That really hurt!
Crazy Yiuf burns you.
* * * LOW HITPOINT WARNING * * *
Crazy Yiuf hits you with a +2 quarterstaff of chaos.
You die...

#......#.....###
#....#..........
#.....####.>....
####### ###.### #..##
♣♣♣♣♣### #....
###**♣♣♣.♣.P#.## #.##.
#...#♣..♣.♣....###.##.
#...g@♣♣♣♣PP..........
#)..#♣♣ ♣♣P#..####...
###** ♣♣#### #...
####... ##......
###....... #.....###.
######.....# #.
#.........####.


You could see Crazy Yiuf (fast, combustible).

Vanquished Creatures
  3 adders (D:2)
  A dart slug (D:1)
  7 endoplasms
  4 goblins
  3 hobgoblins
  3 jackals (D:2)
  3 kobolds
  2 quokkas
  2 ball pythons (D:2)
  5 bats
  A frilled lizard (D:2)
  4 rats
38 creatures vanquished.

Vanquished Creatures (others)
  79 foxfires
  A fungus (D:2)
80 creatures vanquished.

Grand Total: 118 creatures vanquished

Notes
Turn   | Place    | Note
-------+----------+-------------------------------------------
     0 | D:1      | Ijustatesigmund the Deep Elf Fire Elementalist began the
                  | quest for the Orb.
     0 | D:1      | Reached XP level 1. HP: 10/10 MP: 6/6
   262 | D:1      | Reached XP level 2. HP: 15/15 MP: 5/8
   265 | D:1      | Learned a level 2 spell: Scorch
   984 | D:2      | Found a faded altar of an unknown god.
   988 | D:2      | Reached XP level 3. HP: 19/19 MP: 5/10
  1753 | D:2      | Reached XP level 4. HP: 24/24 MP: 10/12
  1923 | D:2      | Found a runed translucent door.
  1924 | D:2      | Noticed Crazy Yiuf
  1929 | D:2      | Slain by Crazy Yiuf

Illustrated notes

Levels and vault maps discovered:
D:1:      doesnt_arrival_eight_statues, layout_loops_ring, serial_glass,
          glass_columns_b, glass_columns_a, kennysheep_boxes
D:2:      layout_rooms, hellmonk_ecumenical_altar_crossroads, st_stairs_5,
          kennysheep_generic_room_9, uniq_crazy_yiuf_cottage

Skill      XL: |  1  2 |
---------------+-------+-----
Spellcasting   | 4 |  4.7
Fire Magic     | 4 |  4.5
Dodging        | |  2.4
Stealth        | |  2.4
Conjurations   | |  1.1

Action                     |  1- 3 |  4- 6 || total
---------------------------+-------+-------++-------
  Melee: Dagger            |     3 |     4 ||     7
   Cast: Foxfire           |    49 |       ||    49
         Scorch            |     9 |     1 ||    10
    Use: Scroll            |     3 |     4 ||     7
 Armour: Robe              |     5 |       ||     5
  Dodge: Dodged            |    13 |       ||    13

Table legend: (Time is in decaauts)
 A = Elapsed time spent in this place.
 B = Non-inter-level travel time spent in this place.
 C = Inter-level travel time spent in this place.
 D = Time resting spent in this place.
 E = Time spent auto-exploring this place.
 F = Levels seen in this place.
 G = Mean time per level.
                   A        B        C        D        E       F      G
               +--------+--------+--------+--------+--------+-----+--------+
         Total |   1929 |   1911 |     18 |    268 |   1402 |   2 |  964.5 |
       Dungeon |   1929 |   1911 |     18 |    268 |   1402 |   2 |  964.5 |
               +--------+--------+--------+--------+--------+-----+--------+

Top non-repeatable levels by time:
     D:1: 1169 daAuts
     D:2: 760 daAuts
